 Dungeon Crawl Stone Soup version 0.31-a0-810-ga77100ea1a (webtiles) character file.

Game seed: 7412320490838529887

177 D12ThenQuit the Sneak (level 5, -18/42 HPs)
             Began as a Human Artificer on Sept 22, 2023.
             Demolished by an ogre
             ... wielding a +0 giant spiked club
              (26 damage)
             ... while paralysed by Grinder
             ... on level 4 of the Dungeon.
             The game lasted 00:10:39 (3473 turns).

D12ThenQuit the Sneak (Human Artificer)             Turns: 3473, Time: 00:10:40

Health: -18/42     AC:  3    Str: 15    XL:     5   Next: 87%
Magic:  5/5        EV:  2    Int: 11    God:
Gold:   178        SH:  0    Dex: 13    Spells: 4/4 levels left

rFire   . . .        a - +3 whip
rCold   . . .        (no shield)
rNeg    . . .        j - +0 leather armour
rPois   .            (no helmet)
rElec   .            (no cloak)
rCorr   .            (no gloves)
SInv    .            (no boots)
Will    .....        (no amulet)
Stlth   ++           (no ring)
HPRegen 0.27/turn    (no ring)
MPRegen 0.09/turn

%: no passive effects
@: paralysed
A: no striking features
a: no special abilities


You were on level 4 of the Dungeon.
You visited 1 branch of the dungeon, and saw 4 of its levels.

You collected 178 gold pieces.

Inventory:

Hand Weapons
 a - a +3 whip (weapon)
 b - a +0 sling
 m - a +0 mace
 u - a +0 short sword
Missiles
 r - 6 javelins
Armour
 j - a +0 leather armour (worn)
Jewellery
 f - an amulet of reflection
Wands
 c - a wand of flame (8) (quivered)
 d - a wand of charming (11)
 e - a wand of iceblast (4)
Scrolls
 g - a scroll of immolation
 h - a scroll of torment {unknown}
 i - a scroll of teleportation
 o - a scroll of noise {unknown}
 p - 2 scrolls of enchant armour {unknown}
 q - 3 scrolls of identify
 s - a scroll of revelation {unknown}
 t - 2 scrolls of butterflies {unknown}
 w - a scroll of poison {unknown}
 x - a scroll of blinking {unknown}
Potions
 k - 2 potions of heal wounds {unknown}
 n - a potion of haste {unknown}
 v - 2 potions of attraction


   Skills:
 + Level 3.8 Fighting
 - Level 2.0 Armour
 - Level 1.0 Dodging
 - Level 4.0 Stealth
 - Level 3.0 Evocations


You had 4 spell levels left.
You didn't know any spells.
Your spell library contained the following spells:

 Spells                   Type           Power      Damage    Failure   Level
 Inner Flame              Hex/Fire       0%         N/A       78%         3
 Yara's Violent Unravell  Hex/Tmut       0%         3d3       100%        5
 Enfeeble                 Hex            0%         N/A       100%        7


Dungeon Overview and Level Annotations

Branches:
Dungeon (4/15)
 Temple: D:4-7

Altars:
Vehumet

Shops:
D:4 =

Annotations:
D:4 Grinder


Message History

Grinder barely misses you.
Aiming: Iceblast
Press: ? - help, Shift-Dir - straight line, f/p - Grinder
Aim: Grinder (heavily wounded)
Okay, then.
Press: ? - help, v - describe, . - travel
Here: Grinder (heavily wounded)
The floor.
Aiming: Charm
Press: ? - help, Shift-Dir - straight line, f/p - Grinder
Aim: Grinder (heavily wounded, chance to affect: 56%) Grinder is charmed.
You swap places.
You swap places.
You open the door.
Grinder is no longer charmed.
An ogre comes into view. It is wielding a +0 giant spiked club.
Grinder attacks as she pursues you! Grinder hits you!
The ogre is attracted toward you.
You hit Grinder but do no damage.
Grinder is heavily wounded.
Grinder hits you but does no damage.
You feel less attractive to monsters. Grinder hits you.
You writhe in agony.
* * * LOW HITPOINT WARNING * * *
Grinder hits you.
* * * LOW HITPOINT WARNING * * *
You writhe in agony.
* * * LOW HITPOINT WARNING * * *
Okay, then.
Unknown command.
You feel better. Grinder hits you.
* * * LOW HITPOINT WARNING * * *
You writhe in agony.
* * * LOW HITPOINT WARNING * * *
The ogre misses you. Grinder gestures at you.
You suddenly lose the ability to move!
The ogre hits you with a +0 giant spiked club!!
Ouch! That really hurt!
You die...

######+###
#........## ##
#.........###.#
#.............#
#.............######
....###..O.......^.
.. . #####5@......#
#.### +...'........+
# #....
#####........#
#.#....
#........#+##.#####
#..................
#..................
#............†.....
#..................
#..................


You could see Grinder and an ogre.

Vanquished Creatures
  3 gnolls
  4 adders
  3 worms
  2 dart slugs
  5 ball pythons
  3 endoplasms
  4 giant cockroaches
  8 goblins
  3 hobgoblins
  8 jackals
  2 kobolds
  4 quokkas
  6 bats
  2 frilled lizards
  4 rats
61 creatures vanquished.

Vanquished Creatures (collateral kills)
  A sleepcap (D:4)
  An orc (D:4)
  A quokka (D:4)
3 creatures vanquished.

Grand Total: 64 creatures vanquished

Notes
Turn   | Place    | Note
-------+----------+-------------------------------------------
     0 | D:1      | D12ThenQuit the Human Artificer began the quest for the
                  | Orb.
     0 | D:1      | Reached XP level 1. HP: 15/15 MP: 1/1
   109 | D:1      | Found a faded altar of an unknown god.
   119 | D:1      | Prayed at the altar of an unknown god.
   119 | D:1      | Became a worshipper of Vehumet
   119 | D:1      | Reached * piety under Vehumet
   119 | D:1      | Offered knowledge of Sandblast by Vehumet.
   170 | D:1      | Reached XP level 2. HP: 17/21 MP: 2/2
   507 | D:1      | Reached skill level 2 in Stealth
   706 | D:1      | Reached XP level 3. HP: 27/27 MP: 3/3
  1232 | D:2      | Fell from the grace of Vehumet
  1399 | D:2      | Reached XP level 4. HP: 31/34 MP: 4/4
  1587 | D:2      | Reached skill level 3 in Stealth
  2409 | D:2      | Reached XP level 5. HP: 18/41 MP: 5/5
  3368 | D:4      | Found Zunt's Jewellery Shoppe.
  3377 | D:4      | Noticed Grinder
  3403 | D:4      | Reached skill level 4 in Stealth
  3440 | D:4      | Paralysed by Grinder for 4 turns
  3467 | D:4      | Noticed an ogre
  3472 | D:4      | Paralysed by Grinder for 2 turns
  3473 | D:4      | Demolished by an ogre

Illustrated notes

Levels and vault maps discovered:
D:1:      kennysheep_arrival_forest, layout_basic,
          shapermc_ecumenical_altar_venn
D:2:      minmay_angry_zag, layout_basic, moated_statue, grunt_ministairs_10
D:3:      layout_rooms, minmay_misc_feat_cross
D:4:      layout_basic, amethyst_overflow_temple_binary, serial_shops, shop,
          gup_sewer_entry_spiral, uniq_grinder

Skill      XL: |  1  2  3  4  5 |
---------------+----------------+-----
Stealth        | 2 3 4 |  4.0
Fighting       | 2 3 |  3.8
Armour         | |  2.0
Dodging        | |  1.0
Evocations     | |  3.0

Action                     |  1- 3 |  4- 6 || total
---------------------------+-------+-------++-------
  Melee: Club              |    16 |       ||    16
         Short sword       |   135 |    83 ||   218
         Punch             |     1 |       ||     1
         Whip              |       |    50 ||    50
   Fire: Sling             |     8 |    13 ||    21
 Invoke: Renounce Religion |     1 |       ||     1
  Evoke: Wand              |       |    12 ||    12
    Use: Scroll            |       |     2 ||     2
         Potion            |       |     3 ||     3
   Stab: Sleeping          |     3 |     3 ||     6
 Armour: Leather armour    |    87 |    90 ||   177
  Dodge: Dodged            |    85 |    85 ||   170

Table legend: (Time is in decaauts)
 A = Elapsed time spent in this place.
 B = Non-inter-level travel time spent in this place.
 C = Inter-level travel time spent in this place.
 D = Time resting spent in this place.
 E = Time spent auto-exploring this place.
 F = Levels seen in this place.
 G = Mean time per level.
                   A        B        C        D        E       F      G
               +--------+--------+--------+--------+--------+-----+--------+
         Total |   3491 |   3285 |    206 |    806 |   1476 |   4 |  872.8 |
       Dungeon |   3491 |   3285 |    206 |    806 |   1476 |   4 |  872.8 |
               +--------+--------+--------+--------+--------+-----+--------+

Top non-repeatable levels by time:
     D:2: 1360 daAuts
     D:1: 1131 daAuts
     D:3: 799 daAuts
     D:4: 199 daAuts
